[Event "26th Abu Dhabi Master 2019"]
[Site "Abu Dhabi"]
[Date "2019.08.07"]
[Round "6.34"]
[White "Manush Shah"]
[Black "Iniyan, P."]
[Result "1/2-1/2"]
[ECO "E63"]
[WhiteElo "2373"]
[BlackElo "2524"]
[Annotator "ChessBase"]
[PlyCount "56"]
[EventDate "2019.08.02"]
[EventType "swiss"]
[EventCountry "UAE"]
[SourceTitle "playchess.com"]
[Source "ChessBase"]
[SourceQuality "1"]
[TimeControl "5400+30"]

1. d4 Nf6 2. Nf3 g6 3. c4 Bg7 4. g3 O-O 5. Bg2 d6 6. Nc3 Nc6 7. O-O a6 8. Qd3 Bd7 9. d5 Nb4 10. Qd1 a5 11. a3 Na6 12. Be3 Qc8 13. Bd4 Re8 14. e4 e5 15. dxe6 Bxe6 16. Nd5 Qd8 17. Re1 Bg4 18. h3 Bxf3 19. Qxf3 Nxd5 20. Bxg7 Kxg7 21. cxd5 Nc5 22. Rac1 Qf6 23. Qxf6+ Kxf6 24. Re3 a4 25. f4 Kg7 26. e5 Ra5 27. Bf1 Re7 28. Kf2 f5 1/2-1/2

[Event "26th Abu Dhabi Master 2019"]
[Site "Abu Dhabi"]
[Date "2019.08.07"]
[Round "6.35"]
[White "Vasquez Schroeder, Rodrigo"]
[Black "Mullick, Raahil"]
[Result "1-0"]
[ECO "C54"]
[WhiteElo "2496"]
[BlackElo "2211"]
[Annotator "ChessBase"]
[PlyCount "99"]
[EventDate "2019.08.02"]
[EventType "swiss"]
[EventCountry "UAE"]
[SourceTitle "playchess.com"]
[Source "ChessBase"]
[SourceQuality "1"]
[TimeControl "5400+30"]

1. e4 e5 2. Nf3 Nc6 3. Bc4 Bc5 4. c3 Nf6 5. d3 a6 6. Bb3 Ba7 7. h3 d6 8. Nbd2 Be6 9. Nc4 O-O 10. O-O Qd7 11. Ng5 Bxc4 12. Bxc4 Na5 13. Qe2 Nxc4 14. dxc4 b5 15. Re1 Qc6 16. Nf3 Nd7 17. cxb5 axb5 18. Nh4 g6 19. Bh6 Rfe8 20. Rad1 Bb6 21. a3 Ra4 22. Nf3 Nc5 23. b4 Nd7 24. Bc1 Nf6 25. Bb2 Raa8 26. Rc1 Nh5 27. c4 Nf4 28. Qf1 bxc4 29. Rxc4 Qb5 30. Rec1 Rf8 31. g3 Ne6 32. Qd3 f5 33. Qd5 Qxd5 34. exd5 Ng7 35. Kg2 h6 36. Rc6 Ne8 37. Nd2 Kf7 38. Nc4 Ba7 39. Ra6 Nf6 40. Nxe5+ dxe5 41. Rxc7+ Kg8 42. Raxa7 Rxa7 43. Rxa7 Nxd5 44. Bxe5 Rf7 45. Ra8+ Rf8 46. Ra6 Kf7 47. Rd6 Ne7 48. Rf6+ Ke8 49. Rxf8+ Kxf8 50. Bd6 1-0

[Event "26th Abu Dhabi Master 2019"]
[Site "Abu Dhabi"]
[Date "2019.08.07"]
[Round "6.36"]
[White "Krishnater Kushager"]
[Black "Sadhwani, Raunak"]
[Result "1/2-1/2"]
[ECO "E90"]
[WhiteElo "2324"]
[BlackElo "2477"]
[Annotator "ChessBase"]
[PlyCount "72"]
[EventDate "2019.08.02"]
[EventType "swiss"]
[EventCountry "UAE"]
[SourceTitle "playchess.com"]
[Source "ChessBase"]
[SourceQuality "1"]
[TimeControl "5400+30"]

1. d4 Nf6 2. c4 g6 3. Nc3 Bg7 4. e4 d6 5. Nf3 O-O 6. h3 e5 7. d5 Nh5 8. g3 f5 9. exf5 gxf5 10. Nh4 Nf6 11. Bd3 Ne8 12. Qh5 e4 13. Bc2 Na6 14. a3 Nf6 15. Qg5 h6 16. Qg6 Qe8 17. Be3 Bd7 18. O-O-O Nc5 19. Rhg1 Qxg6 20. Nxg6 Rfe8 21. Nf4 a5 22. Rg2 Nh7 23. Nh5 Bxc3 24. bxc3 Kf7 25. g4 Rg8 26. Rdg1 fxg4 27. hxg4 Ng5 28. Rh1 Rae8 29. Nf4 Rh8 30. Bd4 Rh7 31. Rg3 Ba4 32. Bxa4 Nxa4 33. Nh3 Kg6 34. Nf4+ Kf7 35. Nh3 Kg6 36. Nf4+ Kf7 1/2-1/2

[Event "26th Abu Dhabi Master 2019"]
[Site "Abu Dhabi"]
[Date "2019.08.07"]
[Round "6.37"]
[White "Kathmale, Sameer"]
[Black "Costachi, Mihnea"]
[Result "1/2-1/2"]
[ECO "C71"]
[WhiteElo "2326"]
[BlackElo "2471"]
[Annotator "ChessBase"]
[PlyCount "209"]
[EventDate "2019.08.02"]
[EventType "swiss"]
[EventCountry "UAE"]
[SourceTitle "playchess.com"]
[Source "ChessBase"]
[SourceQuality "1"]
[TimeControl "5400+30"]

1. e4 e5 2. Nf3 Nc6 3. Bb5 a6 4. Ba4 d6 5. c4 Bg4 6. h3 Bxf3 7. Bxc6+ bxc6 8. Qxf3 Nf6 9. Nc3 Be7 10. O-O O-O 11. d3 Rb8 12. b3 Qd7 13. Ne2 Qe6 14. d4 d5 15. exd5 cxd5 16. dxe5 Qxe5 17. Bf4 Qf5 18. Ng3 Qd7 19. Rad1 Rbd8 20. Be5 Ne8 21. Nf5 c6 22. cxd5 cxd5 23. Rxd5 Qe6 24. Nxe7+ Qxe7 25. Rxd8 Qxd8 26. Rd1 Qa5 27. Bc3 Qc5 28. Qg3 f6 29. Rd7 Rf7 30. Qb8 Qxc3 31. Qxe8+ Rf8 32. Qe6+ Kh8 33. Qxa6 Qc1+ 34. Qf1 Qb2 35. Ra7 h6 36. Qd3 f5 37. f4 Re8 38. Kh2 Qf2 39. Ra4 Rf8 40. Qd4 Qf1 41. Rc4 Rf6 42. a4 Rg6 43. Rc2 Kh7 44. b4 Qe1 45. Qf2 Qxb4 46. Rc5 Qxa4 47. Rxf5 Qe4 48. Re5 Qd3 49. Re3 Qd4 50. Qf3 Rf6 51. Re4 Qd5 52. Qe2 Rg6 53. h4 Qf5 54. Qf3 Qd5 55. Qe2 Qf5 56. Qf3 Qd5 57. Re3 Qxf3 58. Rxf3 h5 59. Re3 Ra6 60. Kg3 g6 61. Re7+ Kh6 62. Kf3 Ra3+ 63. Re3 Ra4 64. Re5 Ra3+ 65. Ke4 Ra4+ 66. Ke3 Ra3+ 67. Ke4 Ra4+ 68. Kf3 Ra3+ 69. Re3 Ra4 70. Rd3 Kg7 71. Ke3 Ra2 72. g3 Ra4 73. Kf3 Rb4 74. Ra3 Rc4 75. Ra5 Rc3+ 76. Kg2 Rc2+ 77. Kf3 Rc3+ 78. Kg2 Rc2+ 79. Kh3 Rf2 80. Rg5 Kf6 81. Ra5 Kg7 82. Ra7+ Kf6 83. Rh7 Ke6 84. Rh8 Kf6 85. Ra8 Kg7 86. Ra7+ Kf6 87. Ra6+ Kg7 88. Ra1 Kf6 89. Rg1 Ra2 90. Rg2 Ra3 91. Re2 Rf3 92. Kg2 Ra3 93. Kf2 Rb3 94. Re3 Rb4 95. Kf3 Ra4 96. Rb3 Ra6 97. Ke4 Ra4+ 98. Kd5 Kf5 99. Kd6 Ra6+ 100. Ke7 Kg4 101. Kf7 Rc6 102. Kg7 Ra6 103. Rc3 Rb6 104. Ra3 Rc6 105. Rb3 1/2-1/2

[Event "26th Abu Dhabi Master 2019"]
[Site "Abu Dhabi"]
[Date "2019.08.07"]
[Round "6.38"]
[White "Alavi, Sayed Javad"]
[Black "Pranav, V."]
[Result "1-0"]
[ECO "E16"]
[WhiteElo "2454"]
[BlackElo "2316"]
[Annotator "ChessBase"]
[PlyCount "237"]
[EventDate "2019.08.02"]
[EventType "swiss"]
[EventCountry "UAE"]
[SourceTitle "playchess.com"]
[Source "ChessBase"]
[SourceQuality "1"]
[TimeControl "5400+30"]

1. d4 Nf6 2. c4 e6 3. Nf3 b6 4. g3 Bb7 5. Bg2 Bb4+ 6. Bd2 a5 7. O-O O-O 8. Bg5 Be7 9. Nc3 d6 10. Bxf6 Bxf6 11. e4 Nd7 12. Re1 g6 13. Qd2 Bg7 14. Rad1 Qe7 15. h4 Rfd8 16. Bh3 Ba6 17. b3 c5 18. d5 Qf6 19. Re3 e5 20. Rd3 Nf8 21. Kg2 h6 22. Rh1 Nh7 23. h5 Bc8 24. Bxc8 Raxc8 25. Nh4 Nf8 26. a4 Rd7 27. Nd1 Re8 28. Kg1 Qg5 29. hxg6 fxg6 30. Qxg5 hxg5 31. Nf3 Bf6 32. Ne3 Rh7 33. Ng4 Bd8 34. Rd1 Rxh1+ 35. Kxh1 Kg7 36. Kg2 Nd7 37. Rh1 Be7 38. Nd2 Nb8 39. Nb1 Na6 40. Na3 Nc7 41. Nb5 Nxb5 42. cxb5 Bd8 43. Ne3 Rf8 44. Rc1 Rf7 45. Rc3 Rf8 46. Rc2 Rf7 47. Kh3 Rf8 48. Kg4 Kf6 49. Nc4 Bc7 50. Rc3 Rh8 51. Rf3+ Kg7 52. Kxg5 Rh1 53. Re3 Rg1 54. Kg4 Rg2 55. Kf3 Rh2 56. Re1 Kf7 57. Ne3 Kg7 58. Ng4 Rh8 59. Kg2 Rf8 60. Ne3 Bd8 61. Nc4 Bc7 62. Rh1 Rf7 63. Rh3 Rf8 64. Rh2 Rf7 65. Kh3 Rf3 66. Ne3 Rxe3 67. fxe3 Bd8 68. Kg4 Bc7 69. Rf2 Bd8 70. Rf3 Bc7 71. Kh3 Bd8 72. Kg2 Bc7 73. Kf1 Bd8 74. Ke2 Bc7 75. Kd2 Bd8 76. Kc3 Bc7 77. Kc4 Bd8 78. b4 cxb4 79. Kd3 Kg8 80. Rf1 Kg7 81. Ke2 Kg8 82. Rf2 Kg7 83. Kf1 Bg5 84. Ke2 Bd8 85. Kf3 Kf7 86. Kg4+ Ke8 87. Rh2 Bf6 88. Rh7 Kf8 89. Rc7 Ke8 90. Rb7 Be7 91. Rb8+ Bd8 92. Rc8 Kd7 93. Rc6 Be7 94. Rc2 Bf6 95. Rh2 Ke8 96. Rh7 Kf8 97. Kf3 Bg7 98. Ke2 Bf6 99. Rb7 Bd8 100. Kd3 g5 101. Ke2 Be7 102. Rxb6 Ke8 103. Kd3 Kd7 104. Rb7+ Kd8 105. Ra7 g4 106. Rxa5 Bg5 107. Ra8+ Kc7 108. Rg8 Bh6 109. Rg6 Bf8 110. Rxg4 Kb6 111. Kc4 Ka5 112. Rg8 Bh6 113. Ra8+ Kb6 114. Ra6+ Kc7 115. Rc6+ Kd7 116. b6 Bxe3 117. b7 b3 118. b8=Q b2 119. Rc7# 1-0

[Event "26th Abu Dhabi Master 2019"]
[Site "Abu Dhabi"]
[Date "2019.08.07"]
[Round "6.39"]
[White "Gaponenko, Inna"]
[Black "Nandhidhaa, P V"]
[Result "1-0"]
[ECO "B41"]
[WhiteElo "2450"]
[BlackElo "2259"]
[Annotator "ChessBase"]
[PlyCount "65"]
[EventDate "2019.08.02"]
[EventType "swiss"]
[EventCountry "UAE"]
[SourceTitle "playchess.com"]
[Source "ChessBase"]
[SourceQuality "1"]
[TimeControl "5400+30"]

1. e4 c5 2. Nf3 e6 3. d4 cxd4 4. Nxd4 a6 5. c4 Qc7 6. Nc3 Nf6 7. a3 b6 8. Be3 Bb7 9. f3 d6 10. Be2 Be7 11. Rc1 Nbd7 12. O-O O-O 13. b4 Rac8 14. Qe1 Rfe8 15. Qf2 Qb8 16. Rfd1 Bd8 17. g4 h6 18. h4 d5 19. cxd5 exd5 20. g5 dxe4 21. gxf6 exf3 22. Bxf3 Bxf6 23. Nd5 Rxc1 24. Nxf6+ Nxf6 25. Bxc1 Bxf3 26. Qxf3 Re4 27. Nf5 Qe5 28. Ng3 Rg4 29. Rd8+ Kh7 30. Kg2 h5 31. Kh3 Qe1 32. Bf4 Qe6 33. Kg2 1-0

[Event "26th Abu Dhabi Master 2019"]
[Site "Abu Dhabi"]
[Date "2019.08.07"]
[Round "6.40"]
[White "Akash Pc, Iyer"]
[Black "Tashkhodzhaev, Akram"]
[Result "1-0"]
[ECO "A43"]
[WhiteElo "2441"]
[BlackElo "2123"]
[Annotator "NA"]
[PlyCount "66"]
[EventDate "2019.08.02"]
[EventType "swiss"]
[EventCountry "UAE"]
[SourceTitle "playchess.com"]
[Source "ChessBase"]
[SourceQuality "1"]
[TimeControl "5400+30"]

1. d4 Nf6 2. Nf3 c5 3. d5 g6 4. Nc3 Bg7 5. e4 d6 6. Bb5+ Bd7 7. a4 O-O 8. O-O Bg4 9. Re1 a6 10. Bf1 b6 11. h3 Bxf3 12. Qxf3 Nbd7 13. Qd1 Ne8 14. Bg5 Nc7 15. Qd2 Re8 16. Rab1 Qc8 17. Bh6 Bf6 18. b4 cxb4 19. Rxb4 Rb8 20. Ne2 b5 21. Nd4 bxa4 22. Rxa4 Nb5 23. Rc4 Qb7 24. Nc6 Ne5 25. Nxe5 Bxe5 26. f4 Bg7 27. Bxg7 Kxg7 28. e5 Rec8 29. exd6 exd6 30. Rce4 Nc3 31. Qd4+ Kg8 32. Re7 Qxd5 33. Qf6 Qc5+ 1-0

[Event "26th Abu Dhabi Master 2019"]
[Site "Abu Dhabi"]
[Date "2019.08.07"]
[Round "6.41"]
[White "Nitish Belurkar"]
[Black "Socko, Monika"]
[Result "1-0"]
[ECO "B12"]
[WhiteElo "2302"]
[BlackElo "2443"]
[Annotator "NA"]
[PlyCount "73"]
[EventDate "2019.08.02"]
[EventType "swiss"]
[EventCountry "UAE"]
[SourceTitle "playchess.com"]
[Source "ChessBase"]
[SourceQuality "1"]
[TimeControl "5400+30"]

1. e4 c6 2. d4 d5 3. e5 c5 4. dxc5 e6 5. Nf3 Bxc5 6. a3 Ne7 7. Bd3 Ng6 8. O-O Nc6 9. b4 Be7 10. Re1 O-O 11. Bxg6 hxg6 12. Nbd2 b6 13. Qe2 Bb7 14. Nb3 a5 15. b5 Nb8 16. a4 Nd7 17. Be3 Rc8 18. Bd4 Rc4 19. c3 Ba8 20. Nfd2 Rc8 21. Qe3 Qc7 22. f4 Nc5 23. Nc1 Rfd8 24. Ne2 Rb8 25. Rf1 Rd7 26. g4 Ne4 27. Nxe4 dxe4 28. f5 Qc4 29. Nf4 Bg5 30. fxg6 fxg6 31. h4 Bxf4 32. Rxf4 Rbd8 33. h5 Qb3 34. hxg6 Rf8 35. Raf1 Rxf4 36. Qxf4 Qa3 37. Qh2 1-0

[Event "26th Abu Dhabi Master 2019"]
[Site "Abu Dhabi"]
[Date "2019.08.07"]
[Round "6.42"]
[White "Pujari, Rucha"]
[Black "Dimakiling, Oliver"]
[Result "0-1"]
[ECO "A45"]
[WhiteElo "2268"]
[BlackElo "2403"]
[Annotator "NA"]
[PlyCount "90"]
[EventDate "2019.08.02"]
[EventType "swiss"]
[EventCountry "UAE"]
[SourceTitle "playchess.com"]
[Source "ChessBase"]
[SourceQuality "1"]
[TimeControl "5400+30"]

1. d4 Nf6 2. g3 b5 3. Bg2 d5 4. a4 b4 5. c4 bxc3 6. bxc3 e6 7. Nf3 Nbd7 8. O-O Be7 9. Ne5 Bb7 10. c4 O-O 11. a5 Rb8 12. Nc3 Bb4 13. Bd2 Nxe5 14. dxe5 Ng4 15. a6 Ba8 16. cxd5 exd5 17. e4 Nxe5 18. exd5 Nc4 19. Be1 Re8 20. Qd4 Ne5 21. Rd1 c5 22. Qf4 Qa5 23. Qc1 Qxa6 24. Qc2 Qf6 25. Ne4 Qf5 26. Bxb4 cxb4 27. Qb3 Red8 28. Rfe1 h5 29. f4 Ng4 30. Ng5 Qc8 31. Rc1 Qa6 32. h3 Qb6+ 33. Kh1 Nf6 34. Re7 Rbc8 35. Rce1 Rc3 36. Qa4 Rf8 37. Rxa7 Ra3 38. Rxa8 Rxa8 39. Qc2 Ra1 40. Qe2 Rxe1+ 41. Qxe1 Qd4 42. Nf3 Ra1 43. Nxd4 Rxe1+ 44. Kh2 Rd1 45. Nb3 Nxd5 0-1

[Event "26th Abu Dhabi Master 2019"]
[Site "Abu Dhabi"]
[Date "2019.08.07"]
[Round "6.43"]
[White "Suleymanli, Aydin"]
[Black "Pranesh M"]
[Result "1-0"]
[ECO "D50"]
[WhiteElo "2416"]
[BlackElo "2343"]
[Annotator "NA"]
[PlyCount "89"]
[EventDate "2019.08.02"]
[EventType "swiss"]
[EventCountry "UAE"]
[SourceTitle "playchess.com"]
[Source "ChessBase"]
[SourceQuality "1"]
[TimeControl "5400+30"]

1. c4 e6 2. Nc3 d5 3. d4 Nf6 4. Bg5 dxc4 5. e4 h6 6. Bxf6 Qxf6 7. Bxc4 Nd7 8. Nge2 Nb6 9. Bb3 Bd7 10. O-O e5 11. f4 exd4 12. e5 Qh4 13. Nxd4 O-O-O 14. Qc2 g5 15. Ncb5 c5 16. a4 Bxb5 17. Nxb5 a6 18. Nd6+ Bxd6 19. exd6 Nd7 20. Bd5 g4 21. Qb3 b6 22. Qc4 Nb8 23. b4 g3 24. h3 Rxd6 25. bxc5 Rxd5 26. cxb6+ Kd7 27. Qxd5+ Ke7 28. Qc5+ Kf6 29. Qe5+ Kg6 30. Qxh8 Qe7 31. Qg8+ Kf6 32. Qxg3 Qc5+ 33. Qf2 Qf5 34. Rfe1 Nc6 35. Rac1 Qd5 36. b7 Kg7 37. Rxc6 Qxc6 38. Qd4+ Kh7 39. Qe4+ Qxe4 40. Rxe4 a5 41. Rc4 h5 42. Rc6 h4 43. b8=Q f5 44. Qb7+ Kg8 45. Rc8# 1-0

[Event "26th Abu Dhabi Master 2019"]
[Site "Abu Dhabi"]
[Date "2019.08.07"]
[Round "6.44"]
[White "Ni, Shiqun"]
[Black "Samant Aditya S"]
[Result "1/2-1/2"]
[ECO "B67"]
[WhiteElo "2407"]
[BlackElo "2296"]
[Annotator "NA"]
[PlyCount "57"]
[EventDate "2019.08.02"]
[EventType "swiss"]
[EventCountry "UAE"]
[SourceTitle "playchess.com"]
[Source "ChessBase"]
[SourceQuality "1"]
[TimeControl "5400+30"]

1. e4 c5 2. Nf3 d6 3. d4 cxd4 4. Nxd4 Nf6 5. Nc3 Nc6 6. Bg5 e6 7. Qd2 a6 8. O-O-O Bd7 9. f3 Be7 10. h4 h6 11. Be3 h5 12. Bg5 Ne5 13. f4 Neg4 14. Qe1 O-O 15. Be2 Rc8 16. Bxf6 Bxf6 17. Bxg4 hxg4 18. e5 Be7 19. Ne4 dxe5 20. fxe5 Qc7 21. Ng5 Bc6 22. Qe2 g6 23. Kb1 Bd5 24. Qxg4 Qxe5 25. Rde1 Qg7 26. Ngxe6 fxe6 27. Nxe6 Qf7 28. Nxf8 Rxf8 29. Rhf1 1/2-1/2

[Event "26th Abu Dhabi Master 2019"]
[Site "Abu Dhabi"]
[Date "2019.08.07"]
[Round "6.45"]
[White "Chitlange Sakshi"]
[Black "Agmanov, Zhandos"]
[Result "0-1"]
[ECO "E04"]
[WhiteElo "2168"]
[BlackElo "2402"]
[Annotator "NA"]
[PlyCount "86"]
[EventDate "2019.08.02"]
[EventType "swiss"]
[EventCountry "UAE"]
[SourceTitle "playchess.com"]
[Source "ChessBase"]
[SourceQuality "1"]
[TimeControl "5400+30"]

1. d4 Nf6 2. c4 e6 3. g3 d5 4. Nf3 dxc4 5. Bg2 a6 6. O-O b5 7. a4 Bb7 8. b3 cxb3 9. axb5 axb5 10. Rxa8 Bxa8 11. Qxb3 b4 12. Rd1 Be7 13. Bd2 Bd5 14. Qb2 Nc6 15. Bf4 O-O 16. Nbd2 Ne4 17. Nxe4 Bxe4 18. Be3 Qd5 19. Qc1 Ra8 20. Ne1 Bxg2 21. Nxg2 b3 22. Nf4 Qb5 23. Nd3 Ra2 24. Qb1 Ba3 25. Nc1 Bxc1 26. Rxc1 Qa4 27. d5 b2 28. dxc6 bxc1=R+ 29. Bxc1 h6 30. Qb8+ Kh7 31. Qb1+ Qc2 32. Qxc2+ Rxc2 33. Bf4 Rxc6 34. Kf1 g5 35. Be3 e5 36. Ke1 f5 37. f4 gxf4 38. gxf4 e4 39. Bd4 Kg6 40. Kf2 Kh5 41. Kg3 Rc2 42. Kf2 Kg4 43. Be5 Kh3 0-1

[Event "26th Abu Dhabi Master 2019"]
[Site "Abu Dhabi"]
[Date "2019.08.07"]
[Round "6.46"]
[White "Wagh Suyog"]
[Black "Tahbaz, Arash"]
[Result "0-1"]
[ECO "A36"]
[WhiteElo "2242"]
[BlackElo "2461"]
[Annotator "ChessBase"]
[PlyCount "124"]
[EventDate "2019.08.02"]
[EventType "swiss"]
[EventCountry "UAE"]
[SourceTitle "playchess.com"]
[Source "ChessBase"]
[SourceQuality "1"]
[TimeControl "5400+30"]

1. c4 c5 2. Nc3 g6 3. g3 Nc6 4. Bg2 Bg7 5. a3 e6 6. b4 d6 7. Rb1 Nge7 8. Nf3 O-O 9. O-O b6 10. Qb3 Bb7 11. Bb2 Qd7 12. e3 Rad8 13. Rfd1 e5 14. Ba1 f5 15. d3 Ba8 16. Nd5 h6 17. Nd2 g5 18. f4 Ng6 19. Nf3 exf4 20. gxf4 g4 21. Nd2 Nh4 22. Bh1 Rde8 23. Kf2 Bxa1 24. Rxa1 Ne7 25. Nf1 Kh7 26. bxc5 Nxd5 27. cxd5 bxc5 28. Rab1 Qf7 29. d4 Rc8 30. dxc5 Rxc5 31. Rbc1 Rfc8 32. Rxc5 Rxc5 33. Qb8 Rc2+ 34. Kg3 Ng6 35. Qxd6 h5 36. h4 Rc7 37. Qe6 Qf8 38. d6 Qd8 39. Bxa8 Rc2 40. Rd2 Qxh4+ 41. Kg2 Rc1 42. Kg1 Qe1 43. Rf2 g3 44. Rf3 Qe2 45. Qf7+ Kh6 46. Qxg6+ Kxg6 47. Rxg3+ Kf6 48. Bg2 h4 49. d7 Ke7 50. Rh3 Qg4 51. Rf3 Rc2 52. Rf2 Rxf2 53. Kxf2 Qg7 54. Bh3 Qb2+ 55. Ke1 Qxa3 56. Ke2 Qb2+ 57. Nd2 a5 58. Bxf5 a4 59. Kd3 a3 60. Nc4 Qb1+ 61. Kd4 Qxf5 62. Ne5 a2 0-1

[Event "26th Abu Dhabi Master 2019"]
[Site "Abu Dhabi"]
[Date "2019.08.07"]
[Round "6.47"]
[White "Aakanksha Hagawane"]
[Black "Lee, Jun Hyeok"]
[Result "1/2-1/2"]
[ECO "B06"]
[WhiteElo "2246"]
[BlackElo "2383"]
[Annotator "NA"]
[PlyCount "105"]
[EventDate "2019.08.02"]
[EventType "swiss"]
[EventCountry "UAE"]
[SourceTitle "playchess.com"]
[Source "ChessBase"]
[SourceQuality "1"]
[TimeControl "5400+30"]

1. e4 g6 2. d4 d6 3. Nc3 a6 4. f4 b5 5. Bd3 Bg7 6. Nf3 Nd7 7. e5 c5 8. Be4 Rb8 9. O-O cxd4 10. Qxd4 Nh6 11. Qa7 O-O 12. Nd4 Qb6 13. Qxb6 Nxb6 14. Nc6 Rb7 15. a4 bxa4 16. Nxa4 Bf5 17. Bxf5 Nxf5 18. g4 Nxa4 19. gxf5 Rc8 20. Nxe7+ Rxe7 21. Rxa4 dxe5 22. Rxa6 Bf8 23. f6 Ree8 24. c3 Bc5+ 25. Kh1 e4 26. Kg2 Rcd8 27. b4 Bf8 28. Re1 Rd3 29. Rc6 h5 30. Be3 Ra8 31. Re2 h4 32. b5 Ra3 33. b6 Raxc3 34. b7 h3+ 35. Kf2 Rb3 36. Bb6 Rf3+ 37. Ke1 e3 38. Kd1 Rf1+ 39. Kc2 Rbb1 40. b8=Q Rfc1+ 41. Kd3 Rxc6 42. Rxe3 Rbxb6 43. Qa8 Ra6 44. Qb8 Ra3+ 45. Ke2 Rc2+ 46. Kf3 Rxe3+ 47. Kxe3 Rxh2 48. f5 Rg2 49. fxg6 Rxg6 50. Qh2 Rxf6 51. Qxh3 Re6+ 52. Kf3 Rf6+ 53. Ke4 1/2-1/2

[Event "26th Abu Dhabi Master 2019"]
[Site "Abu Dhabi"]
[Date "2019.08.07"]
[Round "6.48"]
[White "Sankalp Gupta"]
[Black "Kushagra Mohan"]
[Result "1/2-1/2"]
[ECO "C25"]
[WhiteElo "2416"]
[BlackElo "2250"]
[Annotator "NA"]
[PlyCount "127"]
[EventDate "2019.08.02"]
[EventType "swiss"]
[EventCountry "UAE"]
[SourceTitle "playchess.com"]
[Source "ChessBase"]
[SourceQuality "1"]
[TimeControl "5400+30"]

1. e4 e5 2. Nc3 Nc6 3. g3 Nf6 4. Bg2 Bc5 5. d3 h6 6. Nge2 a6 7. O-O d6 8. h3 Be6 9. Nd5 O-O 10. Kh2 Bxd5 11. exd5 Nd4 12. Ng1 Qd7 13. f4 Nf5 14. c3 Ne3 15. Bxe3 Bxe3 16. fxe5 dxe5 17. Qb3 Bb6 18. Ne2 Qd6 19. c4 Nd7 20. Rad1 Rae8 21. Qc3 c5 22. dxc6 bxc6 23. d4 exd4 24. Nxd4 Bxd4 25. Qxd4 Qxd4 26. Rxd4 Ne5 27. c5 Rb8 28. Rf2 Rfd8 29. Ra4 Nd3 30. Rc2 Ne1 31. Re2 Nxg2 32. Kxg2 Rb5 33. Rxa6 Rxc5 34. Ra7 Rc1 35. a4 Rdd1 36. a5 Rg1+ 37. Kf3 Rcf1+ 38. Rf2 Ra1 39. g4 Ra4 40. Rc2 Rga1 41. Rxc6 Rxa5 42. Rxa5 Rxa5 43. Ke4 Rb5 44. Rc2 Rb3 45. Rh2 g6 46. Kd4 Kg7 47. Kc4 Rb8 48. b4 f5 49. b5 fxg4 50. hxg4 Kf6 51. Kc5 Kg5 52. Rg2 h5 53. gxh5+ Kxh5 54. b6 g5 55. Kc6 g4 56. Kc7 Rxb6 57. Kxb6 Kh4 58. Kc5 g3 59. Kd4 Kh3 60. Rg1 Kh2 61. Ra1 g2 62. Ke3 g1=Q+ 63. Rxg1 Kxg1 64. Ke4 1/2-1/2

[Event "26th Abu Dhabi Master 2019"]
[Site "Abu Dhabi"]
[Date "2019.08.07"]
[Round "6.49"]
[White "Mendonca, Leon Luke"]
[Black "Bartel, Marta"]
[Result "1-0"]
[ECO "A48"]
[WhiteElo "2401"]
[BlackElo "2260"]
[Annotator "NA"]
[PlyCount "93"]
[EventDate "2019.08.02"]
[EventType "swiss"]
[EventCountry "UAE"]
[SourceTitle "playchess.com"]
[Source "ChessBase"]
[SourceQuality "1"]
[TimeControl "5400+30"]

1. d4 Nf6 2. Nf3 g6 3. Bf4 Bg7 4. e3 O-O 5. h3 d6 6. Be2 c5 7. c3 b6 8. O-O Bb7 9. a4 a6 10. Nbd2 Nbd7 11. Bh2 Rc8 12. Re1 Rc7 13. Bd3 e5 14. e4 cxd4 15. cxd4 Qe7 16. Nc4 Ne8 17. Ne3 Nef6 18. Nc4 Ne8 19. dxe5 dxe5 20. Bf1 Rc6 21. b4 Nd6 22. Ne3 Rd8 23. Nd5 Qf8 24. Qb3 Rcc8 25. Rad1 Kh8 26. h4 f6 27. Nd2 a5 28. Nc4 Nxc4 29. Bxc4 axb4 30. Bb5 Bxd5 31. Rxd5 Nc5 32. Qxb4 Rxd5 33. exd5 Qd6 34. Bc6 Qc7 35. Rb1 Nd7 36. Qe7 Rd8 37. Bg3 Bf8 38. Qf7 Bg7 39. a5 Qd6 40. axb6 Nb8 41. Qc7 Na6 42. Qxd6 Rxd6 43. f3 Bf8 44. b7 Rd8 45. f4 exf4 46. Bxf4 Nb8 47. Bc7 1-0

[Event "26th Abu Dhabi Master 2019"]
[Site "Abu Dhabi"]
[Date "2019.08.07"]
[Round "6.50"]
[White "Kulkarni, Rakesh"]
[Black "Ayyad, Husain"]
[Result "1-0"]
[ECO "C44"]
[WhiteElo "2360"]
[BlackElo "2231"]
[Annotator "NA"]
[PlyCount "129"]
[EventDate "2019.08.02"]
[EventType "swiss"]
[EventCountry "UAE"]
[SourceTitle "playchess.com"]
[Source "ChessBase"]
[SourceQuality "1"]
[TimeControl "5400+30"]

1. e4 e5 2. Nf3 Nc6 3. d4 exd4 4. Nxd4 Nf6 5. Nc3 Bb4 6. Nxc6 bxc6 7. Bd3 d5 8. exd5 cxd5 9. O-O O-O 10. Bg5 c6 11. Qf3 Bd6 12. h3 Rb8 13. b3 h6 14. Bxf6 Qxf6 15. Qxf6 gxf6 16. Ne2 Bd7 17. Rad1 a5 18. Nd4 Be5 19. Ne2 a4 20. f4 Bb2 21. Ng3 Rfe8 22. Bf5 Be6 23. Rd3 c5 24. Bxe6 fxe6 25. f5 Bd4+ 26. Kh1 e5 27. Nh5 Kf7 28. c3 axb3 29. cxd4 b2 30. dxe5 Rxe5 31. Rb1 c4 32. Rc3 Rxf5 33. Ng3 Re5 34. Rc2 Ke6 35. Kg1 Kd6 36. Kf2 Kc5 37. Rcxb2 Rxb2+ 38. Rxb2 d4 39. a4 c3 40. Rb5+ Kc4 41. Rxe5 fxe5 42. Ke2 Kb3 43. Kd3 Kxa4 44. Ne2 Kb4 45. Nc1 Kc5 46. Ke4 Kd6 47. Nd3 c2 48. Nc1 h5 49. Kd3 h4 50. Kxc2 e4 51. Kd2 Ke5 52. Nb3 Kd5 53. Na5 Kc5 54. Nb7+ Kd5 55. Nd8 Ke5 56. Nc6+ Kf4 57. Nxd4 Kg3 58. Ne6 Kxg2 59. Ng5 Kf2 60. Nxe4+ Kf3 61. Kd3 Kf4 62. Kd4 Kf3 63. Ke5 Ke3 64. Ng5 Kf2 65. Ke4 1-0

[Event "26th Abu Dhabi Master 2019"]
[Site "Abu Dhabi"]
[Date "2019.08.07"]
[Round "6.51"]
[White "Srihari L R"]
[Black "Divya Deshmukh"]
[Result "1/2-1/2"]
[ECO "E16"]
[WhiteElo "2227"]
[BlackElo "2373"]
[Annotator "NA"]
[PlyCount "54"]
[EventDate "2019.08.02"]
[EventType "swiss"]
[EventCountry "UAE"]
[SourceTitle "playchess.com"]
[Source "ChessBase"]
[SourceQuality "1"]
[TimeControl "5400+30"]

1. Nf3 Nf6 2. c4 e6 3. d4 Bb4+ 4. Bd2 Qe7 5. g3 Nc6 6. Nc3 O-O 7. Bg2 Bxc3 8. Bxc3 Ne4 9. Rc1 d6 10. O-O Nxc3 11. Rxc3 a5 12. a3 e5 13. d5 Nb8 14. b4 Na6 15. Qb1 Bd7 16. Rfc1 axb4 17. axb4 c5 18. dxc6 bxc6 19. Nd2 Rab8 20. Rb3 Nc7 21. e3 Rfd8 22. Qb2 Be8 23. Bf1 Rb6 24. c5 dxc5 25. bxc5 Rxb3 26. Nxb3 Rb8 27. Qc2 Ne6 1/2-1/2

[Event "26th Abu Dhabi Master 2019"]
[Site "Abu Dhabi"]
[Date "2019.08.07"]
[Round "6.52"]
[White "Dixit, Nikhil"]
[Black "Eynullayev, Altay"]
[Result "0-1"]
[ECO "B94"]
[WhiteElo "2318"]
[BlackElo "2188"]
[Annotator "NA"]
[PlyCount "93"]
[EventDate "2019.08.02"]
[EventType "swiss"]
[EventCountry "UAE"]
[SourceTitle "playchess.com"]
[Source "ChessBase"]
[SourceQuality "1"]
[TimeControl "5400+30"]

1. e4 c5 2. Nf3 d6 3. d4 cxd4 4. Nxd4 Nf6 5. Nc3 a6 6. Bg5 Nbd7 7. Bc4 Qb6 8. Bb3 e6 9. Bxf6 Nxf6 10. Qd2 g6 11. O-O-O Bd7 12. f4 Bh6 13. Nde2 O-O-O 14. Kb1 Bc6 15. Qd3 Bg7 16. Nd4 Ng4 17. Nxc6 Nf2 18. Nxd8 Nxd3 19. Nxf7 Nf2 20. Rxd6 Qc5 21. Re1 Bxc3 22. bxc3 Rf8 23. Rd2 Qxc3 24. Ree2 Nxe4 25. Rd3 Qxd3 26. cxd3 Nc3+ 27. Kb2 Nxe2 28. Bxe6+ Kc7 29. g3 Re8 30. Bd5 Nd4 31. Kc3 Nc6 32. Be4 b5 33. Ng5 Re7 34. g4 Kd6 35. f5 gxf5 36. gxf5 Ne5 37. Kd4 Ng4 38. Ne6 Nxh2 39. Nc5 Ng4 40. Nxa6 h5 41. Bf3 Re5 42. Nc7 Kxc7 43. Bxg4 hxg4 44. Kxe5 g3 45. f6 Kd7 46. f7 Ke7 47. Kd4 0-1